 Dungeon Crawl Stone Soup version 0.24.0-35-gdb84b6a5db (webtiles) character file.

Game seed: 4635822392807234733, levelgen mode: deterministic

1236 Johnny the Slasher (level 8, -2/80 HPs)
             Began as a Troll Berserker on Nov 17, 2019.
             Was a Priest of Trog.
             Succumbed to a water moccasin's poison
             ... on level 6 of the Dungeon.
             The game lasted 00:04:11 (4325 turns).

Johnny the Slasher (Troll Berserker)                Turns: 4325, Time: 00:04:12

Health: -2/80      AC:  7    Str: 28    XL:     8   Next: 24%
Magic:  4/7        EV: 10    Int:  3    God:    Trog [***...]
Gold:   300        SH:  0    Dex:  9    Spells: 7/7 levels left

rFire    . . .     SeeInvis .   x - +0 scimitar
rCold    . . .     Gourm    +   (no shield)
rNeg     . . .     Faith    .   b - +0 animal skin
rPois    .         Spirit   +   w - +1 hat
rElec    .         Reflect  .   A - scarf {Spirit}
rCorr    .         Harm     .   (gloves unavailable)
MR       .....                  (boots unavailable)
Stlth    +.........             (no amulet)
HPRegen  0.63/turn              (no ring)
MPRegen  0.10/turn              (no ring)

@: lethally poisoned (-2 -> -18), berserk cooldown, flying, slowed, very slow
A: large, unfitting armour, claws 3, fast metabolism 3, gourmand, regeneration
1, shaggy fur 1, tough skin 3
a: Berserk, Trog's Hand, Renounce Religion


You were on level 6 of the Dungeon.
You worshipped Trog.
Trog was most pleased with you.
You were near starving.

You visited 1 branch of the dungeon, and saw 6 of its levels.

You collected 300 gold pieces.

Inventory:

Hand Weapons
 a - a +1 vampiric rapier
 x - a +0 scimitar (weapon)
Armour
 b - a +0 animal skin (worn)
 w - a +1 hat (worn)
 A - a scarf of spirit shield (worn)
Jewellery
 y - an uncursed ring of wizardry {unknown}
 B - an uncursed ring of stealth {unknown}
Scrolls
 d - 2 scrolls of magic mapping {unknown}
 e - 3 scrolls of remove curse {unknown}
 g - 13 scrolls of identify {unknown}
 h - 5 scrolls of enchant weapon {unknown}
 i - 5 scrolls of amnesia {unknown}
 j - a scroll of fog {unknown}
 k - 2 scrolls of teleportation {unknown}
 r - a scroll of enchant armour {unknown}
 u - a scroll of random uselessness {unknown}
 C - a scroll of fear {unknown}
Potions
 f - 5 potions of lignification {unknown}
 l - 2 potions of brilliance {unknown}
 m - 2 potions of flight
 n - 2 potions of magic {unknown}
 o - 2 potions of haste {unknown}
 p - a potion of might {unknown}
 q - a potion of heal wounds {unknown}
 s - 3 potions of curing {unknown}
 t - a potion of berserk rage {unknown}
 v - a potion of invisibility {unknown}
 z - a potion of ambrosia {unknown}
Comestibles
 c - 6 rations


   Skills:
 + Level 5.3 Fighting
 * Level 7.3 Long Blades
 - Level 2.4 Dodging


You had 7 spell levels left.
You didn't know any spells.
Your spell library was empty.

Dungeon Overview and Level Annotations

Branches:
Dungeon (6/15)
 Temple: D:4-7

Altars:
Ashenzari
Nemelex Xobeh

Annotations:
D:6 1 runed translucent door


Innate Abilities, Weirdness & Mutations

You are too large for most types of armour.
You have claws for hands.
Your metabolism is lightning-fast.
You like to eat raw meat.
Your natural rate of healing is unusually fast.
You are covered in fur. (AC +1)
You have extremely tough skin. (AC +3)


Message History

You feel very sick.
Found a forked iron wand.
You feel a strong urge to attack something.
* * * LOW HITPOINT WARNING * * *
You feel sick.
Unknown command.
* * * LOW HITPOINT WARNING * * *
You feel sick.
You feel your anger nearly subside.
You are no longer berserk.
You are exhausted.
You feel yourself slow down.
* * * LOW HITPOINT WARNING * * *
You feel sick.
Found 15 gold pieces.
* * * LOW HITPOINT WARNING * * *
You feel very sick.
It was a potion of flight.
You feel very buoyant.
You fly up into the air.
You die...

###..##..................#
##.....#......##..........#
#............###..........#
...................#......#
...###..........#..#...####
..# ##.....(.##..##..## .
###...........##.#
....#............. ###
.........@......#
.......##..##.... .....#.
..## #. . ......###.#
.....# ... /.... ... ....
.... ... ....$


There were no monsters in sight!

Vanquished Creatures
  Eustachio (D:4)
  A water moccasin (D:6)
  2 ogres
  Blork the orc (D:5)
  A bullfrog (D:3)
  A scorpion (D:5)
  4 jellies
  An orc wizard (D:3)
  A centaur skeleton (D:4)
  Terence (D:2)
  Jessica (D:2)
  An iguana (D:6)
  5 worker ants
  A hound zombie (D:6)
  4 gnolls (D:3)
  6 adders
  2 shadow imps
  8 oozes (D:4)
  2 worms
  A dart slug (D:3)
  6 leopard geckos
  9 orcs
  3 giant cockroaches
  6 hobgoblins
  9 jackals
  12 kobolds
  3 quokkas
  10 bats
  6 frilled lizards
  5 goblins
  A quokka zombie (D:5)
  2 rats (D:1)
117 creatures vanquished.

Vanquished Creatures (others)
  3 fungi (D:4)
  7 toadstools (D:4)
10 creatures vanquished.

Grand Total: 127 creatures vanquished

Notes
Turn   | Place    | Note
-------+----------+-------------------------------------------
     0 | D:1      | Johnny the Troll Berserker began the quest for the Orb.
     0 | D:1      | Reached XP level 1. HP: 22/22 MP: 0/0
    74 | D:1      | Reached XP level 2. HP: 26/29 MP: 1/1
   177 | D:1      | Reached skill level 3 in Long Blades
   370 | D:1      | Reached XP level 3. HP: 36/36 MP: 2/2
   715 | D:2      | Noticed Jessica
   734 | D:2      | Killed Jessica
   734 | D:2      | Reached ** piety under Trog
   734 | D:2      | Reached XP level 4. HP: 34/45 MP: 3/3
  1464 | D:3      | Noticed a bullfrog
  1464 | D:3      | Noticed Terence
  1486 | D:2      | Killed Terence
  1486 | D:2      | Reached skill level 4 in Long Blades
  1535 | D:3      | Reached XP level 5. HP: 53/53 MP: 4/4
  1777 | D:3      | Found a sparkling altar of Nemelex Xobeh.
  1791 | D:3      | Noticed an ogre
  1799 | D:3      | Killed an ogre
  1799 | D:3      | Reached skill level 5 in Long Blades
  1799 | D:3      | Reached XP level 6. HP: 62/62 MP: 5/5
  1932 | D:3      | Found a sparkling altar of Nemelex Xobeh.
  2185 | D:4      | Reached *** piety under Trog
  2304 | D:4      | Reached XP level 7. HP: 70/70 MP: 6/6
  2449 | D:4      | You fall into a shaft and drop 1 floor!
  2449 | D:5      | Entered Level 5 of the Dungeon
  2463 | D:5      | Reached skill level 6 in Long Blades
  2604 | D:5      | Noticed Blork the orc
  2613 | D:5      | Killed Blork the orc
  2700 | D:4      | Found a shattered altar of Ashenzari.
  2945 | D:4      | Noticed Eustachio
  2955 | D:4      | Killed Eustachio
  3695 | D:5      | Reached skill level 5 in Fighting
  3898 | D:6      | Reached XP level 8. HP: 78/80 MP: 2/7
  4208 | D:6      | Found a runed translucent door.
  4216 | D:6      | Reached skill level 7 in Long Blades
  4323 | D:6      | HP: 4/80 [poisoned by a water moccasin]
  4324 | D:6      | HP: 1/80 [poisoned by a water moccasin]
  4325 | D:6      | Succumbed to a water moccasin's poison

Levels and vault maps discovered:
D:1:      saegor_arrival_simple_c, layout_rooms
D:2:      layout_basic, uniq_jessica
D:3:      layout_basic, nemelex_xobeh_ov_fountains_minmay,
          nemelex_spade_bored_becter, uniq_terence
D:4:      cheibrodos_fertilizer, layout_basic, lemuel_altar_in_water,
          uniq_eustachio
D:5:      layout_basic, first_ration, uniq_blork_the_orc
D:6:      layout_cave_pools, gammafunk_ghost_grave

Skill      XL: |  1  2  3  4  5  6  7  8 |
---------------+-------------------------+-----
Long Blades    | 3 4 5 6 7 |  7.3
Fighting       | 3 4 5 |  5.3
Dodging        | |  2.4

Action                   |  1- 3 |  4- 6 |  7- 9 || total
-------------------------+-------+-------+-------++-------
Melee: Falchion          |    85 |   148 |    41 ||   274
       Scimitar          |       |       |    97 ||    97
Throw: Throwing net      |       |     1 |       ||     1
Invok: Berserk           |       |     7 |     4 ||    11
  Use: Potion            |       |       |     1 ||     1
 Stab: Sleeping          |       |     1 |       ||     1
  Eat: Chunk             |    11 |    14 |    19 ||    44
       Ration            |       |       |     1 ||     1
Armor: Animal skin       |    62 |    75 |    45 ||   182
Dodge: Dodged            |    63 |   148 |    52 ||   263
       Rpst.: Falchion   |    23 |    53 |     1 ||    77
       Scimitar          |       |       |    12 ||    12
